Map: Blackpink LE

Players

CinDra - Winner!

  • Race: Zerg Zerg
  • League: Silver
  • Spawn Location: 7:00

Abstract

  • Race: Terran Terran
  • League: Silver
  • Spawn Location: 1:00

VOD

Have the link to the VOD?

Description

Time

  • Played on: Feb. 23, 2018, 10:55 p.m.
  • Length: 15:21
Show
View Real Time Build Order
Export as new Build Order

CinDra Zerg - Winner!

Build Orders: Hatch First 

Get SALT Encoding   

  12  0:01  Drone  
  13  0:12  Overlord  
  13  0:17  Drone  
  14  0:31  Drone x2  
  16  0:38  Drone  
  17  0:55  Hatchery  
  17  0:56  Drone  
  17  1:02  Drone  
  18  1:12  Extractor  
  18  1:13  Drone  
  18  1:23  Drone, Spawning Pool  
  18  1:28  Drone  
  19  1:39  Drone  
  20  1:49  Drone  
  21  2:01  Drone  
  22  2:10  Queen  
  22  2:11  Queen  
  22  2:12  Zergling x4  
  28  2:17  Overlord  
  28  2:22  Metabolic Boost  
  28  2:36  Drone x3  
  31  2:39  Overlord  
  31  2:46  Drone  
  31  2:51  Drone  
  33  2:52  Queen  
  33  2:55  Overlord  
  35  3:01  Drone  
  36  3:23  Zergling x18  
  44  3:32  Extractor  
  44  3:33  Drone  
  44  3:38  Drone x2  
  46  3:46  Pneumatized Carapace  
  46  4:00  Drone x5  
  46  4:01  Overlord  
  51  4:05  Hatchery  
  50  4:28  Drone x2  
  50  4:29  Drone x4  
  56  4:37  Roach Warren  
  55  4:47  Drone  
  55  4:48  Drone x3  
  55  4:49  Overlord x4  
  59  5:07  Zergling x4  
  59  5:10  Zergling x4  
  63  5:17  Extractor  
  63  5:18  Extractor  
  63  5:19  Lair  
  55  5:53  Drone  
  55  5:54  Drone x14  
  69  6:02  Roach  
  69  6:03  Roach  
  73  6:20  Drone  
  73  6:21  Roach x3  
  73  6:22  Roach x2  
  84  6:25  Overseer x2  
  84  6:26  Overseer  
  84  6:30  Extractor  
  83  6:34  Extractor  
  82  6:40  Roach x2, Overlord  
  82  6:41  Roach, Overlord  
  82  6:42  Zergling x10  
  93  6:54  Glial Reconstitution  
  93  7:01  Evolution Chamber x2  
  92  7:04  Drone x2  
  92  7:05  Drone x4  
  97  7:08  Drone  
  97  7:09  Drone  
  99  7:42  Drone x2  
  99  7:43  Drone x3  
  104  7:48  Zerg Ground Armor Level 1, Zerg Missile Weapons Level 1  
  104  7:53  Roach x4, Spire  
  104  7:54  Zergling x4, Overlord  
  104  7:55  Overlord x7  
  113  8:15  Roach x3  
  113  8:16  Roach x5  
  129  8:40  Roach x5  
  129  8:41  Roach x3  
  145  8:45  Hatchery  
  144  9:22  Zerg Flyer Weapons Level 1, Mutalisk x2  
  144  9:23  Mutalisk x14  
  176  9:25  Overlord x5  
  128  9:56  Mutalisk x9  
  136  10:01  Drone x8  
  136  10:03  Queen  
  146  10:19  Zerg Ground Armor Level 2, Zerg Missile Weapons Level 2  
  146  10:27  Drone  
  146  10:28  Drone x8  
  154  10:29  Extractor x2, Mutalisk  
  154  10:30  Mutalisk  
  157  10:36  Overseer x3  
  157  10:55  Baneling Nest  
  158  10:57  Roach x6  
  158  10:58  Roach x5  
  170  11:53  Roach x12  
  194  12:05  Centrifical Hooks  
  194  12:08  Zerg Flyer Armor Level 1  
  170  12:47  Mutalisk  
  170  12:48  Mutalisk x11  
  194  13:00  Drone  
  194  13:02  Zergling x4  
  194  13:03  Zergling x6  
  200  13:25  Baneling  
  200  13:26  Baneling x9  
  200  14:20  Hatchery  
  199  14:26  Zergling x2  
Show
View Real Time Build Order
Export as new Build Order

Abstract Terran 

Build Orders:  

Get SALT Encoding   

  12  0:01  SCV  
  13  0:13  SCV  
  14  0:19  Supply Depot  
  14  0:25  SCV  
  15  0:43  Barracks  
  15  0:44  SCV  
  16  0:56  SCV  
  17  0:59  Barracks  
  17  1:06  Refinery  
  17  1:09  SCV  
  18  1:12  Refinery  
  18  1:21  SCV  
  19  1:33  Marine, Supply Depot  
  20  1:40  SCV  
  21  1:48  Marine  
  21  1:51  Marine  
  21  1:53  Orbital Command  
  23  2:04  Supply Depot  
  23  2:06  Marine  
  24  2:09  Marine  
  25  2:24  Factory  
  25  2:28  SCV  
  26  2:38  Marine  
  26  2:40  SCV  
  26  2:41  Barracks Tech Lab  
  28  2:44  Engineering Bay  
  28  2:52  SCV  
  28  2:56  Marine  
  30  3:05  SCV  
  31  3:15  Supply Depot  
  31  3:17  SCV, Supply Depot  
  32  3:35  Bunker  
  32  3:40  Supply Depot  
  32  3:46  Missile Turret  
  32  3:47  Siege Tank  
  35  3:49  Missile Turret  
  35  3:51  SCV  
  36  3:56  Barracks Tech Lab  
  36  3:58  Barracks Reactor  
  36  4:03  SCV  
  37  4:16  SCV  
  38  4:18  Bunker  
  38  4:19  Siege Tank  
  41  4:28  SCV  
  42  4:35  Command Center  
  42  4:40  SCV  
  43  4:45  Supply Depot  
  43  4:49  Supply Depot  
  43  4:51  Siege Tank  
  46  5:13  Bunker  
  46  5:14  Missile Turret  
  46  5:20  Missile Turret  
  46  5:23  Refinery  
  46  5:24  Refinery  
  41  6:02  Command Center  
  43  6:04  Marine x2, Marauder  
  45  6:18  Starport  
  45  6:21  Terran Infantry Weapons Level 1  
  45  6:22  Marine x2  
  49  6:25  Marauder  
  49  6:40  Marine x2  
  49  6:45  Siege Tank  
  56  6:47  Marauder  
  56  7:00  Starport Reactor  
  58  7:08  Marauder  
  58  7:16  Orbital Command  
  58  7:17  Siege Tank  
  61  7:24  Marine  
  61  7:25  Marine  
  61  7:29  Marauder  
  65  7:42  Marine x2  
  67  7:47  SCV x2  
  67  7:49  Siege Tank  
  67  7:50  Marine  
  67  7:51  Liberator  
  73  7:59  SCV x2  
  73  8:00  Marine  
  76  8:07  Medivac  
  76  8:11  SCV x2  
  83  8:23  SCV x2  
  85  8:29  Supply Depot  
  85  8:31  Supply Depot  
  85  8:33  Liberator  
  85  8:35  SCV x2  
  85  8:36  Combat Shields  
  85  8:37  Medivac  
  89  8:47  SCV x2  
  94  8:59  SCV x2  
  96  9:07  Viking  
  98  9:11  SCV x2  
  98  9:13  Command Center  
  100  9:23  SCV x2, Command Center  
  102  9:27  Marine, Marauder  
  102  9:28  Marine  
  106  9:33  Missile Turret  
  106  9:35  SCV  
  107  9:48  Marauder  
  102  10:07  Liberator  
  102  10:17  Marine x2, Marauder  
  102  10:18  Siege Tank  
  109  10:24  Medivac  
  109  10:28  Supply Depot  
  114  10:35  Marine, Supply Depot  
  115  10:38  Marauder  
  117  10:51  Siege Tank  
  117  10:52  Planetary Fortress  
  117  10:53  Supply Depot  
  117  10:54  Viking  
  122  10:58  Supply Depot  
  121  11:06  Missile Turret  
  121  11:08  Missile Turret  
  121  11:10  Missile Turret  
  121  11:11  Missile Turret  
  121  11:14  Missile Turret  
  121  11:21  Supply Depot  
  121  11:23  Siege Tank  
  124  11:29  Missile Turret  
  124  11:30  Missile Turret  
  114  11:53  Viking x2  
  118  11:55  Siege Tank  
  121  12:07  Marine x3  
  116  12:23  Viking x2  
  109  12:58  SCV  
  109  12:59  SCV x2  
  112  13:10  SCV  
  112  13:11  SCV x2  
  115  13:15  Viking  
  115  13:16  Viking  
  119  13:29  Marine x2  
  119  13:30  Marine  
  119  13:32  Armory  
  122  13:45  Viking x2  
  122  13:47  Marine x3  
Tags
 
Matchup
TvZ
Spawn Locations
Cross Positions
Add a new tag
Caveats
  • Supply blocks, unpowered buildings, or Contaminate may cause inaccurate times.
  • Supply counts are checked every 10 seconds.